 Dungeon Crawl Stone Soup version 0.29-a0-824-gd827844252 (webtiles) character file.

Game seed: 850884497282247426

89 Lekart the Trooper (level 4, -3/40 HPs)
             Began as a Draconian Fighter on July 9, 2022.
             Killed from afar by an orc wizard (12 damage)
             ... with a puff of flame
             ... on level 3 of the Dungeon.
             The game lasted 00:01:39 (1573 turns).

Lekart the Trooper (Draconian Fighter)              Turns: 1573, Time: 00:01:39

Health: -3/40      AC:  6    Str: 21    XL:     4   Next: 31%
Magic:  4/4        EV: 12    Int:  8    God:
Gold:   91         SH:  0    Dex: 10    Spells: 3/3 levels left

rFire   . . .      SeeInvis .   n - +0 eveningstar
rCold   . . .      Faith    .   b - +0 buckler
rNeg    . . .      Spirit   .   (body armour unavailable)
rPois   .          Reflect  .   (helmet restricted)
rElec   .          Harm     .   (no cloak)
rCorr   .          Rampage  .   (no gloves)
Will    .....                   f - +0 pair of boots
Stlth   +.........              (no amulet)
HPRegen 0.13/turn               (no ring)
MPRegen 0.09/turn               (no ring)

@: confused
A: AC +5, unfitting armour, cold-blooded
a: no special abilities


You were on level 3 of the Dungeon.
You visited 1 branch of the dungeon, and saw 3 of its levels.

You collected 91 gold pieces.

Inventory:

Hand Weapons
 a - a +0 war axe
 n - a +0 eveningstar (weapon)
Armour
 b - a +0 buckler (worn)
 f - a +0 pair of boots (worn)
Scrolls
 d - a scroll of identify {unknown}
 e - a scroll of teleportation {unknown}
 g - a scroll of noise {unknown}
 h - a scroll of blinking {unknown}
 i - a scroll of enchant weapon {unknown}
 k - 2 scrolls of enchant armour {unknown}
 l - a scroll of amnesia {unknown}
 r - a scroll of fear {unknown}
Potions
 c - a potion of might
 j - a potion of curing {unknown}
 m - a potion of magic {unknown}
 o - a potion of resistance {unknown}
 p - 2 potions of brilliance {unknown}
 q - a potion of degeneration {unknown}


   Skills:
 + Level 3.7 Fighting
 + Level 2.9(3.1) Axes
 + Level 1.2(2.2) Maces & Flails
 + Level 3.3 Dodging
 + Level 3.4 Shields


You had 3 spell levels left.
You didn't know any spells.
Your spell library contained the following spells:

 Spells                   Type           Power      Damage    Failure   Level
 Blink                    Tloc           0%         N/A       65%         2
 Sublimation of Blood     Necr           0%         N/A       65%         2
 Wereblood                Tmut           0%         N/A       65%         2
 Lesser Beckoning         Tloc           0%         N/A       86%         3
 Manifold Assault         Tloc           0%         N/A       100%        5
 Summon Hydra             Summ           0%         N/A       100%        7


Dungeon Overview and Level Annotations

Branches:
Dungeon (3/15)

Altars:


Innate Abilities, Weirdness & Mutations

Your plain brown scales are hard. (AC +5)
You cannot fit into any form of body armour.
You are cold-blooded and may be slowed by cold attacks.


Message History

The orc wizard is severely wounded.
The orc wizard points at you and mumbles some strange words.
You are confused.
You are too confused!
You are too confused!
You are too confused!
You are too confused!
You are too confused!
The orc wizard casts a spell.
The orc wizard flickers and vanishes!
Deactivating autopickup; reactivate with Ctrl-A.
Something hits you.
You bump into the rock wall.
Something hits you but does no damage.
You bump into the rock wall.
You hear some strange, mumbled words.
Something tries to affect you, but you resist.
Something hits you.
You feel less confused.
You miss something. You tail-slap something.
Something hits you but does no damage.
You hear some strange, mumbled words.
Something tries to affect you, but you resist.
You miss something. You tail-slap something.
You hear some strange, mumbled words.
Something tries to affect you, but you resist.
You closely miss something.
You hear some strange, mumbled words.
You are confused.
Something hits you.
You're too confused to move!
Something hits you.
You miss something. Something hits you.
* * * LOW HITPOINT WARNING * * *
You miss something.
Your tail-slap misses something.
Something hits you but does no damage.
You completely miss something. Something hits you.
* * * LOW HITPOINT WARNING * * *
You hear some strange, mumbled words.
A puff of flame appears from out of thin air!
The puff of flame hits you!
You die...

#...................
########.........##########
#.............####
##.############ #.# #.....#
#.###.#...# #.....#...#
#######...# #..@# ###{#
#####S####### #...ooo......
#............ #............
#............ #............
#...$........


You could see an adder and 3 orcs.

Vanquished Creatures
  An orc wizard (D:3)
  2 adders
  2 dart slugs
  5 orcs (D:3)
  A ball python (D:1)
  4 endoplasms (D:2)
  A giant cockroach (D:2)
  3 goblins
  4 hobgoblins
  3 quokkas
  4 bats
  A frilled lizard (D:3)
  2 kobolds (D:1)
  2 rats (D:2)
35 creatures vanquished.

Notes
Turn   | Place    | Note
-------+----------+-------------------------------------------
     0 | D:1      | Lekart the Draconian Fighter began the quest for the Orb.
     0 | D:1      | Reached XP level 1. HP: 19/19 MP: 1/1
   215 | D:1      | Found a faded altar of an unknown god.
   229 | D:1      | Reached XP level 2. HP: 26/26 MP: 2/2
   378 | D:1      | You fall into a shaft and drop 1 floor!
   600 | D:2      | Reached XP level 3. HP: 28/33 MP: 3/3
  1364 | D:3      | Reached XP level 4. HP: 20/40 MP: 4/4
  1370 | D:3      | Reached skill level 1 in Maces & Flails
  1573 | D:3      | Killed from afar by an orc wizard

Illustrated notes

Levels and vault maps discovered:
D:1:      pf_arrival_petrified_forest, layout_basic,
          ebering_ecumenical_altar_abandoned,
          nicolae_concentric_dashed_squares_wild, minmay_door_square,
          minivault_11, minmay_tromino_mix6
D:2:      layout_loops_ring
D:3:      minmay_octagon_keep, layout_basic,
          mainiacjoe_overflow_concentric_impassable, minmay_misc_feat_roman,
          uniq_jessica

Skill      XL: |  1  2  3  4 |
---------------+-------------+-----
Dodging        | 3 |  3.3
Maces & Flails | 1 |  1.2
Fighting       | |  3.7
Axes           | |  2.9
Shields        | |  3.4

Action                   |  1- 3 |  4- 6 || total
-------------------------+-------+-------++-------
Melee: War axe           |    38 |       ||    38
       Tailslap          |     5 |     3 ||     8
       Eveningstar       |    33 |    19 ||    52
Armor: Skin              |    22 |     5 ||    27
Dodge: Dodged            |    46 |     5 ||    51
Block: Buckler           |    17 |     2 ||    19

Table legend: (Time is in decaauts)
 A = Elapsed time spent in this place.
 B = Non-inter-level travel time spent in this place.
 C = Inter-level travel time spent in this place.
 D = Time resting spent in this place.
 E = Time spent auto-exploring this place.
 F = Levels seen in this place.
 G = Mean time per level.
                   A        B        C        D        E       F      G
               +--------+--------+--------+--------+--------+-----+--------+
         Total |   1614 |   1575 |     39 |      0 |   1271 |   3 |  538.0 |
       Dungeon |   1614 |   1575 |     39 |      0 |   1271 |   3 |  538.0 |
               +--------+--------+--------+--------+--------+-----+--------+

Top non-repeatable levels by time:
     D:2: 913 daAuts
     D:1: 388 daAuts
     D:3: 312 daAuts
